Workbook
Name Attachments: 'Verificación Económica'!#REF!
Name Evaluation: 'Verificación Económica'!#REF!
Name GoToTop: 'Verificación Económica'!#REF!
Name lnkLinkDetailP3Gen_0: 'Verificación Económica'!#REF!
Name lnkLinkDetailP3Gen_1: 'Verificación Económica'!#REF!
Name lnkLinkDetailP3Gen_10: 'Verificación Económica'!#REF!
Name lnkLinkDetailP3Gen_11: 'Verificación Económica'!#REF!
Name lnkLinkDetailP3Gen_12: 'Verificación Económica'!#REF!
Name lnkLinkDetailP3Gen_13: 'Verificación Económica'!#REF!
Name lnkLinkDetailP3Gen_14: 'Verificación Económica'!#REF!
Name lnkLinkDetailP3Gen_15: 'Verificación Económica'!#REF!
Name lnkLinkDetailP3Gen_16: 'Verificación Económica'!#REF!
Name lnkLinkDetailP3Gen_17: 'Verificación Económica'!#REF!
Name lnkLinkDetailP3Gen_18: 'Verificación Económica'!#REF!
Name lnkLinkDetailP3Gen_19: 'Verificación Económica'!#REF!
Name lnkLinkDetailP3Gen_2: 'Verificación Económica'!#REF!
Name lnkLinkDetailP3Gen_20: 'Verificación Económica'!#REF!
Name lnkLinkDetailP3Gen_21: 'Verificación Económica'!#REF!
Name lnkLinkDetailP3Gen_22: 'Verificación Económica'!#REF!
Name lnkLinkDetailP3Gen_23: 'Verificación Económica'!#REF!
Name lnkLinkDetailP3Gen_24: 'Verificación Económica'!#REF!
Name lnkLinkDetailP3Gen_25: 'Verificación Económica'!#REF!
Name lnkLinkDetailP3Gen_26: 'Verificación Económica'!#REF!
Name lnkLinkDetailP3Gen_27: 'Verificación Económica'!#REF!
Name lnkLinkDetailP3Gen_28: 'Verificación Económica'!#REF!
Name lnkLinkDetailP3Gen_29: 'Verificación Económica'!#REF!
Name lnkLinkDetailP3Gen_3: 'Verificación Económica'!#REF!
Name lnkLinkDetailP3Gen_30: 'Verificación Económica'!#REF!
Name lnkLinkDetailP3Gen_31: 'Verificación Económica'!#REF!
Name lnkLinkDetailP3Gen_32: 'Verificación Económica'!#REF!
Name lnkLinkDetailP3Gen_33: 'Verificación Económica'!#REF!
Name lnkLinkDetailP3Gen_4: 'Verificación Económica'!#REF!
Name lnkLinkDetailP3Gen_5: 'Verificación Económica'!#REF!
Name lnkLinkDetailP3Gen_6: 'Verificación Económica'!#REF!
Name lnkLinkDetailP3Gen_7: 'Verificación Económica'!#REF!
Name lnkLinkDetailP3Gen_8: 'Verificación Económica'!#REF!
Name lnkLinkDetailP3Gen_9: 'Verificación Económica'!#REF!
Name lnkLinkDownloadP3Gen_0: 'Verificación Económica'!#REF!
Name lnkLinkDownloadP3Gen_1: 'Verificación Económica'!#REF!
Name lnkLinkDownloadP3Gen_10: 'Verificación Económica'!#REF!
Name lnkLinkDownloadP3Gen_11: 'Verificación Económica'!#REF!
Name lnkLinkDownloadP3Gen_12: 'Verificación Económica'!#REF!
Name lnkLinkDownloadP3Gen_13: 'Verificación Económica'!#REF!
Name lnkLinkDownloadP3Gen_14: 'Verificación Económica'!#REF!
Name lnkLinkDownloadP3Gen_15: 'Verificación Económica'!#REF!
Name lnkLinkDownloadP3Gen_16: 'Verificación Económica'!#REF!
Name lnkLinkDownloadP3Gen_17: 'Verificación Económica'!#REF!
Name lnkLinkDownloadP3Gen_18: 'Verificación Económica'!#REF!
Name lnkLinkDownloadP3Gen_19: 'Verificación Económica'!#REF!
Name lnkLinkDownloadP3Gen_2: 'Verificación Económica'!#REF!
Name lnkLinkDownloadP3Gen_20: 'Verificación Económica'!#REF!
Name lnkLinkDownloadP3Gen_21: 'Verificación Económica'!#REF!
Name lnkLinkDownloadP3Gen_22: 'Verificación Económica'!#REF!
Name lnkLinkDownloadP3Gen_23: 'Verificación Económica'!#REF!
Name lnkLinkDownloadP3Gen_24: 'Verificación Económica'!#REF!
Name lnkLinkDownloadP3Gen_25: 'Verificación Económica'!#REF!
Name lnkLinkDownloadP3Gen_26: 'Verificación Económica'!#REF!
Name lnkLinkDownloadP3Gen_27: 'Verificación Económica'!#REF!
Name lnkLinkDownloadP3Gen_28: 'Verificación Económica'!#REF!
Name lnkLinkDownloadP3Gen_29: 'Verificación Económica'!#REF!

Sheet Verificación precios art. bajos
B8: FONDO DE DESARROLLO LOCAL DE SANTA FE verificación precios artificialmente bajos FDLSF-SAMC-002-2022 OBJETO. PRESTAR SERVICIOS PARA PERSONAS CON DISCAPACIDAD Y SUS CUIDADORES/AS EN ACCIONES COMPLEMENTARIAS A TRAVÉS DE LA EJECUCIÓN DE LOS COMPONENTES DE SALUD MENTAL POSITIVA, HERRAMIENTAS VIRTUALES DE APRENDIZAJE PARA EL CUIDADO Y MEDIOS ALTERNATIVOS PARA SALUD Y BIENESTAR" en el marco del proyecto 2188 "santa fe con un sistema de cuidado".
B12: PRESUPUESTO OFICIAL | D12: 95918659
B13: Precio limite total (Precios artificialmente bajos) | D13: =D12-(D12*0.2) -> 76734927
B14: NUMERO | C14: PROPONENTE | D14: VALOR PROPUESTA | E14: Verificación Precio total limite (Precios artificialmente bajos)
B15: 1 | C15: CORPORACIÓN PARA EL MEJORAMIENTO DE LA CALIDAD DE VIDA | D15: ='Verificación Económica'!M32 -> 93016671 | E15: cumple
B16: 2 | C16: ASCODES SAS. | D16: 93404921 | E16: cumple
B17: 3 | C17: FUNDACION IWOKE | D17: 93301000 | E17: cumple
B18: 4 | C18: COINDERE | D18: 93885811 | E18: cumple
B20: De conformidad con lo dispuesto por Colombia Compra Efieciente, en su Guia para el manejo de ofertas artificialmente bajas en procesos de contratación, la cual define, en su numeral 3. (Herramientas para identificar ofertas que pueden ser artificialmente bajas), que "Cuando la Entidad Estatal recibe menos de 5 ofertas debe solicitar aclaración a los proponentes, cuyas ofertas sean menores en un 20%, o un mayor procentaje, al costo total estimado por la Entidad Estatal". por lo anterior ,se puede constatar, que ninguna oferta es menor en un 20%, o un mayor porcentaje al costo total estimado por la entidad, por tanto,para el caso en concreto, todos los proponentes cumplen con lo establecido en los estudios previos y normas concordantes.
B24: Albert Andrés Rincón Bello
B25: Profesional planeación
B26: Integrante comité evaluador técnico y económico
B45: EVALUÓ OFEERTA ECONÓMICA: ALBERT ANDRÉS RINCÓN
B46: PROFESIONAL DE PLANEACIÓN

Sheet Verificación Económica
A9: FONDO DE DESARROLLO LOCAL SANTA FE VERIFICACIÓN ECONÓMICA FDLSF-SAMC-002-2022 | H9: UNA VEZ REVISADA LA OFERTA ECONÓMICA, SE EVIDENCIA QUE LA SUMATORIA DE LOS VALORES DE TODOS LOS ITEMS SEÑALADOS EN LOS ESTUDIOS PREVIOS NO SUPERA EL PRESUPUESTO OFICIAL, ASI MISMO NINGUNO DE LOS VALORES OFERTADOS SUPERA LOS ESTABLECIDOS POR EL FDLSF, PARA CADA UNO DE LOS ITEMS | O9: UNA VEZ REVISADA LA OFERTA ECONÓMICA, SE EVIDENCIA QUE LA SUMATORIA DE LOS VALORES DE TODOS LOS ITEMS SEÑALADOS EN LOS ESTUDIOS PREVIOS NO SUPERA EL PRESUPUESTO OFICIAL, ASI MISMO NINGUNO DE LOS VALORES OFERTADOS SUPERA LOS ESTABLECIDOS POR EL FDLSF, PARA CADA UNO DE LOS ITEMS | U9: UNA VEZ REVISADA LA OFERTA ECONÓMICA, SE EVIDENCIA QUE LA SUMATORIA DE LOS VALORES DE TODOS LOS ITEMS SEÑALADOS EN LOS ESTUDIOS PREVIOS NO SUPERA EL PRESUPUESTO OFICIAL, ASI MISMO NINGUNO DE LOS VALORES OFERTADOS SUPERA LOS ESTABLECIDOS POR EL FDLSF, PARA CADA UNO DE LOS ITEMS | AA9: UNA VEZ REVISADA LA OFERTA ECONÓMICA, SE EVIDENCIA QUE LA SUMATORIA DE LOS VALORES DE TODOS LOS ITEMS SEÑALADOS EN LOS ESTUDIOS PREVIOS NO SUPERA EL PRESUPUESTO OFICIAL, ASI MISMO NINGUNO DE LOS VALORES OFERTADOS SUPERA LOS ESTABLECIDOS POR EL FDLSF, PARA CADA UNO DE LOS ITEMS
A11: ENTIDAD ESTATAL - FDLSF | H11: 1,CORPORACIÓN PARA EL MEJORAMIENTO DE LA CALIDAD DE VIDA | N11: 2,ASCODES SAS. | T11: 3,FUNDACION IWOKE | Z11: 4,COINDERE
A12: Ref. Artículo | B12: Código UNSPSC | C12: Descripción | D12: Cantidad | E12: Unidad | F12: Precio unitario estimado | G12: Precio total estimado Presuouesto oficial | H12: Ref. Artículo | I12: Verificación Descripción | J12: Verificación Cantidad | K12: Verificación Unidad | L12: Verificación Precio unitario | M12: Verificación precio Total | N12: Ref. Artículo | O12: Verificación Descripción | P12: Verificación Cantidad | Q12: Verificación Unidad | R12: Verificación Precio unitario | S12: Verificación precio Total | T12: Ref. Artículo | U12: Verificación Descripción | V12: Verificación Cantidad | W12: Verificación Unidad | X12: Verificación Precio unitario | Y12: Verificación precio Total | Z12: Ref. Artículo | AA12: Verificación Descripción | AB12: Verificación Cantidad | AC12: Verificación Unidad | AD12: Verificación Precio unitario | AE12: Verificación precio Total
A13: 1 | B13: 80101600 | C13: 1.1. COORDINADOR PROYECTO: Profesional del área de la salud, administrativa o área social, con especialización en áreas administrativas y/o en salud. Con experiencia mínima de dos (2) años en Coordinación de proyectos de salud. | D13: 6 | E13: MES | F13: 4866666 | G13: 29.199.996,00 | H13: 1 | I13: 1.1. COORDINADOR PROYECTO: Profesional del área de la salud, administrativa o área social, con especialización en áreas administrativas y/o en salud. Con experiencia mínima de dos (2) años en Coordinación de proyectos de salud. | J13: 6 | K13: MES | L13: 4671999 | M13: =L13*J13 -> 28031994 | N13: 1 | O13: 1.1. COORDINADOR PROYECTO: Profesional del área de la salud, administrativa o área social, con especialización en áreas administrativas y/o en salud. Con experiencia mínima de dos (2) años en Coordinación de proyectos de salud. | P13: 6 | Q13: MES | R13: 4701200 | S13: =R13*P13 -> 28207200 | T13: 1 | U13: 1.1. COORDINADOR PROYECTO: Profesional del área de la salud, administrativa o área social, con especialización en áreas administrativas y/o en salud. Con experiencia mínima de dos (2) años en Coordinación de proyectos de salud. | V13: 6 | W13: MES | X13: 4600000 | Y13: =X13*V13 -> 27600000 | Z13: 1 | AA13: 1.1. COORDINADOR PROYECTO: Profesional del área de la salud, administrativa o área social, con especialización en áreas administrativas y/o en salud. Con experiencia mínima de dos (2) años en Coordinación de proyectos de salud. | AB13: 6 | AC13: MES | AD13: 4732833 | AE13: =AD13*AB13 -> 28396998
A14: 2 | B14: 80101600 | C14: 2.1 AFICHE: Diseñar, imprimir y distribuir de manera permanente 200 afiches papel propalcote de 240gr, impresión policromia 70cm x 50cm. Es necesario que se dejen espacios en blanco, pues serán utilizados en la ejecución de todo el proyecto para las diferentes actividades | D14: 100 | E14: UN | F14: 4900 | G14: 490.000,00 | H14: 2 | I14: 2.1 AFICHE: Diseñar, imprimir y distribuir de manera permanente 200 afiches papel propalcote de 240gr, impresión policromia 70cm x 50cm. Es necesario que se dejen espacios en blanco, pues serán utilizados en la ejecución de todo el proyecto para las diferentes actividades | J14: 100 | K14: UN | L14: 4704 | M14: =L14*J14 -> 470400 | N14: 2 | O14: 2.1 AFICHE: Diseñar, imprimir y distribuir de manera permanente 200 afiches papel propalcote de 240gr, impresión policromia 70cm x 50cm. Es necesario que se dejen espacios en blanco, pues serán utilizados en la ejecución de todo el proyecto para las diferentes actividades | P14: 100 | Q14: UN | R14: 4733 | S14: =R14*P14 -> 473300 | T14: 2 | U14: 2.1 AFICHE: Diseñar, imprimir y distribuir de manera permanente 200 afiches papel propalcote de 240gr, impresión policromia 70cm x 50cm. Es necesario que se dejen espacios en blanco, pues serán utilizados en la ejecución de todo el proyecto para las diferentes actividades | V14: 100 | W14: UN | X14: 4900 | Y14: =X14*V14 -> 490000 | Z14: 2 | AA14: 2.1 AFICHE: Diseñar, imprimir y distribuir de manera permanente 200 afiches papel propalcote de 240gr, impresión policromia 70cm x 50cm. Es necesario que se dejen espacios en blanco, pues serán utilizados en la ejecución de todo el proyecto para las diferentes actividades | AB14: 100 | AC14: UN | AD14: 4765 | AE14: =AD14*AB14 -> 476500
A15: 3 | B15: 80101600 | C15: 2.2 VOLANTES: Diseñar, imprimir y distribuir volantes a media carta, papel procaltore 180 gramos, policromia. Con la divulagacion, requisitos y puntos de informacion del proceso. | D15: 500 | E15: UN | F15: 733 | G15: 366.500,00 | H15: 3 | I15: 2.2 VOLANTES: Diseñar, imprimir y distribuir volantes a media carta, papel procaltore 180 gramos, policromia. Con la divulagacion, requisitos y puntos de informacion del proceso. | J15: 500 | K15: UN | L15: 703 | M15: =L15*J15 -> 351500 | N15: 3 | O15: 2.2 VOLANTES: Diseñar, imprimir y distribuir volantes a media carta, papel procaltore 180 gramos, policromia. Con la divulagacion, requisitos y puntos de informacion del proceso. | P15: 500 | Q15: UN | R15: 708 | S15: =R15*P15 -> 354000 | T15: 3 | U15: 2.2 VOLANTES: Diseñar, imprimir y distribuir volantes a media carta, papel procaltore 180 gramos, policromia. Con la divulagacion, requisitos y puntos de informacion del proceso. | V15: 500 | W15: UN | X15: 730 | Y15: =X15*V15 -> 365000 | Z15: 3 | AA15: 2.2 VOLANTES: Diseñar, imprimir y distribuir volantes a media carta, papel procaltore 180 gramos, policromia. Con la divulagacion, requisitos y puntos de informacion del proceso. | AB15: 500 | AC15: UN | AD15: 713 | AE15: =AD15*AB15 -> 356500
A16: 4 | B16: 80101600 | C16: 2.3 PAPELERIA: Impresión documentos de inscripcion, papeleria y material para las sesiones de capacitacion. | D16: 1 | E16: VG | F16: 1966667 | G16: 1.966.667,00 | H16: 4 | I16: 2.3 PAPELERIA: Impresión documentos de inscripcion, papeleria y material para las sesiones de capacitacion. | J16: 1 | K16: VG | L16: 1888000 | M16: =L16*J16 -> 1888000 | N16: 4 | O16: 2.3 PAPELERIA: Impresión documentos de inscripcion, papeleria y material para las sesiones de capacitacion. | P16: 1 | Q16: VG | R16: 1899800 | S16: =R16*P16 -> 1899800 | T16: 4 | U16: 2.3 PAPELERIA: Impresión documentos de inscripcion, papeleria y material para las sesiones de capacitacion. | V16: 1 | W16: VG | X16: 1960000 | Y16: =X16*V16 -> 1960000 | Z16: 4 | AA16: 2.3 PAPELERIA: Impresión documentos de inscripcion, papeleria y material para las sesiones de capacitacion. | AB16: 1 | AC16: VG | AD16: 1912584 | AE16: =AD16*AB16 -> 1912584
A17: 5 | B17: 80101600 | C17: 3.1 ALISTAMIENTO Y POSFINALIZACION DE SESIONES: Los profesionales que realizaran las sesiones de SALUD MENTAL POSITIVA DESDE UNA MIRADA INTEGRAL deberan previamente entregar sus planes de accion, metodologia y cronograma de acuerdo a lo descrito en los estudios previos, de igual forma se debera dejar un informe final de los avances obtenidos en cada de las sesiones. | D17: 25 | E17: H | F17: 66166 | G17: 1.654.150,00 | H17: 5 | I17: 3.1 ALISTAMIENTO Y POSFINALIZACION DE SESIONES: Los profesionales que realizaran las sesiones de SALUD MENTAL POSITIVA DESDE UNA MIRADA INTEGRAL deberan previamente entregar sus planes de accion, metodologia y cronograma de acuerdo a lo descrito en los estudios previos, de igual forma se debera dejar un informe final de los avances obtenidos en cada de las sesiones. | J17: 25 | K17: H | L17: 63519 | M17: =L17*J17 -> 1587975 | N17: 5 | O17: 3.1 ALISTAMIENTO Y POSFINALIZACION DE SESIONES: Los profesionales que realizaran las sesiones de SALUD MENTAL POSITIVA DESDE UNA MIRADA INTEGRAL deberan previamente entregar sus planes de accion, metodologia y cronograma de acuerdo a lo descrito en los estudios previos, de igual forma se debera dejar un informe final de los avances obtenidos en cada de las sesiones. | P17: 25 | Q17: H | R17: 63916 | S17: =R17*P17 -> 1597900 | T17: 5 | U17: 3.1 ALISTAMIENTO Y POSFINALIZACION DE SESIONES: Los profesionales que realizaran las sesiones de SALUD MENTAL POSITIVA DESDE UNA MIRADA INTEGRAL deberan previamente entregar sus planes de accion, metodologia y cronograma de acuerdo a lo descrito en los estudios previos, de igual forma se debera dejar un informe final de los avances obtenidos en cada de las sesiones. | V17: 25 | W17: H | X17: 64000 | Y17: =X17*V17 -> 1600000 | Z17: 5 | AA17: 3.1 ALISTAMIENTO Y POSFINALIZACION DE SESIONES: Los profesionales que realizaran las sesiones de SALUD MENTAL POSITIVA DESDE UNA MIRADA INTEGRAL deberan previamente entregar sus planes de accion, metodologia y cronograma de acuerdo a lo descrito en los estudios previos, de igual forma se debera dejar un informe final de los avances obtenidos en cada de las sesiones. | AB17: 25 | AC17: H | AD17: 64346 | AE17: =AD17*AB17 -> 1608650
A18: 6 | B18: 80101600 | C18: 3.2 SALUD MENTAL POSITIVA DESDE UNA MIRADA INTEGRAL: Sesiones pedagógicas se conformarán cuatro (4) grupos de diez (10) cuidadores cada uno, que recibirán diez (10) sesiones de dos (2) horas; modalidad presencial. Realizadas por Profesional de áreas Sociales (Trabajador Social y/o Psicólogo). | D18: 80 | E18: H | F18: 66166 | G18: 5.293.280,00 | H18: 6 | I18: 3.2 SALUD MENTAL POSITIVA DESDE UNA MIRADA INTEGRAL: Sesiones pedagógicas se conformarán cuatro (4) grupos de diez (10) cuidadores cada uno, que recibirán diez (10) sesiones de dos (2) horas; modalidad presencial. Realizadas por Profesional de áreas Sociales (Trabajador Social y/o Psicólogo). | J18: 80 | K18: H | L18: 63519 | M18: =L18*J18 -> 5081520 | N18: 6 | O18: 3.2 SALUD MENTAL POSITIVA DESDE UNA MIRADA INTEGRAL: Sesiones pedagógicas se conformarán cuatro (4) grupos de diez (10) cuidadores cada uno, que recibirán diez (10) sesiones de dos (2) horas; modalidad presencial. Realizadas por Profesional de áreas Sociales (Trabajador Social y/o Psicólogo). | P18: 80 | Q18: H | R18: 63916 | S18: =R18*P18 -> 5113280 | T18: 6 | U18: 3.2 SALUD MENTAL POSITIVA DESDE UNA MIRADA INTEGRAL: Sesiones pedagógicas se conformarán cuatro (4) grupos de diez (10) cuidadores cada uno, que recibirán diez (10) sesiones de dos (2) horas; modalidad presencial. Realizadas por Profesional de áreas Sociales (Trabajador Social y/o Psicólogo). | V18: 80 | W18: H | X18: 64000 | Y18: =X18*V18 -> 5120000 | Z18: 6 | AA18: 3.2 SALUD MENTAL POSITIVA DESDE UNA MIRADA INTEGRAL: Sesiones pedagógicas se conformarán cuatro (4) grupos de diez (10) cuidadores cada uno, que recibirán diez (10) sesiones de dos (2) horas; modalidad presencial. Realizadas por Profesional de áreas Sociales (Trabajador Social y/o Psicólogo). | AB18: 80 | AC18: H | AD18: 64346 | AE18: =AD18*AB18 -> 5147680
A19: 7 | B19: 80101600 | C19: 3.3 ALISTAMIENTO DE SESIONES: Los profesionales que realizaran las sesiones de COMPONENTE: HERRAMINETAS VIRTUALES DE APRENDIZAJE PARA EL CUIDADO previamente entregar sus planes de accion, metodologia y cronograma de acuerdo a lo descrito en los estudios previos, de igual forma se debera dejar un informe final de los avances obtenidos en cada de las sesiones. | D19: 10 | E19: H | F19: 66166 | G19: 661.660,00 | H19: 7 | I19: 3.3 ALISTAMIENTO DE SESIONES: Los profesionales que realizaran las sesiones de COMPONENTE: HERRAMINETAS VIRTUALES DE APRENDIZAJE PARA EL CUIDADO previamente entregar sus planes de accion, metodologia y cronograma de acuerdo a lo descrito en los estudios previos, de igual forma se debera dejar un informe final de los avances obtenidos en cada de las sesiones. | J19: 10 | K19: H | L19: 63519 | M19: =L19*J19 -> 635190 | N19: 7 | O19: 3.3 ALISTAMIENTO DE SESIONES: Los profesionales que realizaran las sesiones de COMPONENTE: HERRAMINETAS VIRTUALES DE APRENDIZAJE PARA EL CUIDADO previamente entregar sus planes de accion, metodologia y cronograma de acuerdo a lo descrito en los estudios previos, de igual forma se debera dejar un informe final de los avances obtenidos en cada de las sesiones. | P19: 10 | Q19: H | R19: 63916 | S19: =R19*P19 -> 639160 | T19: 7 | U19: 3.3 ALISTAMIENTO DE SESIONES: Los profesionales que realizaran las sesiones de COMPONENTE: HERRAMINETAS VIRTUALES DE APRENDIZAJE PARA EL CUIDADO previamente entregar sus planes de accion, metodologia y cronograma de acuerdo a lo descrito en los estudios previos, de igual forma se debera dejar un informe final de los avances obtenidos en cada de las sesiones. | V19: 10 | W19: H | X19: 64000 | Y19: =X19*V19 -> 640000 | Z19: 7 | AA19: 3.3 ALISTAMIENTO DE SESIONES: Los profesionales que realizaran las sesiones de COMPONENTE: HERRAMINETAS VIRTUALES DE APRENDIZAJE PARA EL CUIDADO previamente entregar sus planes de accion, metodologia y cronograma de acuerdo a lo descrito en los estudios previos, de igual forma se debera dejar un informe final de los avances obtenidos en cada de las sesiones. | AB19: 10 | AC19: H | AD19: 64346 | AE19: =AD19*AB19 -> 643460
A20: 8 | B20: 80101600 | C20: 3.4 COMPONENTE: HERRAMINETAS VIRTUALES DE APRENDIZAJE PARA EL CUIDADO: Medios virtuales educativos orientados al aprendizaje de buenas prácticas para el cuidado y desarrollo de actividades de la vida diaria. Entregables de acuerdo con las temáticas a bordadas desde la mirada de la población con discapacidad y cuidadores Estas sesiones deberán ser desarrolladas por un (1) profesional de enfermería y/o medicina y/o terapeuta ocupacional con experiencia profesional mínima de un año con población en discapacidad, para lo cual se deberá tener cuatro grupos de cuidadores/as de personas con discapacidad, cada uno de mínimo 10 personas, se realizaran 4 tematicas presenciales de dos horas y una horas por usuario en domicilio. | D20: 72 | E20: H | F20: 66166 | G20: 4.763.952,00 | H20: 8 | I20: 3.4 COMPONENTE: HERRAMINETAS VIRTUALES DE APRENDIZAJE PARA EL CUIDADO: Medios virtuales educativos orientados al aprendizaje de buenas prácticas para el cuidado y desarrollo de actividades de la vida diaria. Entregables de acuerdo con las temáticas a bordadas desde la mirada de la población con discapacidad y cuidadores Estas sesiones deberán ser desarrolladas por un (1) profesional de enfermería y/o medicina y/o terapeuta ocupacional con experiencia profesional mínima de un año con población en discapacidad, para lo cual se deberá tener cuatro grupos de cuidadores/as de personas con discapacidad, cada uno de mínimo 10 personas, se realizaran 4 tematicas presenciales de dos horas y una horas por usuario en domicilio. | J20: 72 | K20: H | L20: 63519 | M20: =L20*J20 -> 4573368 | N20: 8 | O20: 3.4 COMPONENTE: HERRAMINETAS VIRTUALES DE APRENDIZAJE PARA EL CUIDADO: Medios virtuales educativos orientados al aprendizaje de buenas prácticas para el cuidado y desarrollo de actividades de la vida diaria. Entregables de acuerdo con las temáticas a bordadas desde la mirada de la población con discapacidad y cuidadores Estas sesiones deberán ser desarrolladas por un (1) profesional de enfermería y/o medicina y/o terapeuta ocupacional con experiencia profesional mínima de un año con población en discapacidad, para lo cual se deberá tener cuatro grupos de cuidadores/as de personas con discapacidad, cada uno de mínimo 10 personas, se realizaran 4 tematicas presenciales de dos horas y una horas por usuario en domicilio. | P20: 72 | Q20: H | R20: 63916 | S20: =R20*P20 -> 4601952 | T20: 8 | U20: 3.4 COMPONENTE: HERRAMINETAS VIRTUALES DE APRENDIZAJE PARA EL CUIDADO: Medios virtuales educativos orientados al aprendizaje de buenas prácticas para el cuidado y desarrollo de actividades de la vida diaria. Entregables de acuerdo con las temáticas a bordadas desde la mirada de la población con discapacidad y cuidadores Estas sesiones deberán ser desarrolladas por un (1) profesional de enfermería y/o medicina y/o terapeuta ocupacional con experiencia profesional mínima de un año con población en discapacidad, para lo cual se deberá tener cuatro grupos de cuidadores/as de personas con discapacidad, cada uno de mínimo 10 personas, se realizaran 4 tematicas presenciales de dos horas y una horas por usuario en domicilio. | V20: 72 | W20: H | X20: 64000 | Y20: =X20*V20 -> 4608000 | Z20: 8 | AA20: 3.4 COMPONENTE: HERRAMINETAS VIRTUALES DE APRENDIZAJE PARA EL CUIDADO: Medios virtuales educativos orientados al aprendizaje de buenas prácticas para el cuidado y desarrollo de actividades de la vida diaria. Entregables de acuerdo con las temáticas a bordadas desde la mirada de la población con discapacidad y cuidadores Estas sesiones deberán ser desarrolladas por un (1) profesional de enfermería y/o medicina y/o terapeuta ocupacional con experiencia profesional mínima de un año con población en discapacidad, para lo cual se deberá tener cuatro grupos de cuidadores/as de personas con discapacidad, cada uno de mínimo 10 personas, se realizaran 4 tematicas presenciales de dos horas y una horas por usuario en domicilio. | AB20: 72 | AC20: H | AD20: 64346 | AE20: =AD20*AB20 -> 4632912
A21: 9 | B21: 80101600 | C21: 3,5 KITS COMPLEMENTARIOS KIT CUIDADO DE PIEL-MANEJO KIT DE POSTURA PARA CUIDADORES KITS DE MEDIAS COMPRESIVAS KITS PLANTILLAS U OTRO QUE REQUIERA EL BENEFICIARIO NOTA: EL PRESENTE ITEM NO PODRA SER OFERTADO SO PENA DE RECHAZO DE LA OFERTA NOTA.: EL FDLSF PAGARA CADA VALOR DEL KIT DE ACUERDO AL RESULTADO DEL ESTUDIO DE MERCADO A REALIZAR AL MOMENTO DE LA EJECUCION PARA EL PRESENTE ITEM, DE ACUERDO A LO ESTABLECIDO EN EL ESTUDIO PREVIO. | D21: 1 | E21: VG | F21: 14000000 | G21: 14.000.000,00 | H21: 9 | I21: 3,5 KITS COMPLEMENTARIOS KIT CUIDADO DE PIEL-MANEJO KIT DE POSTURA PARA CUIDADORES KITS DE MEDIAS COMPRESIVAS KITS PLANTILLAS U OTRO QUE REQUIERA EL BENEFICIARIO NOTA: EL PRESENTE ITEM NO PODRA SER OFERTADO SO PENA DE RECHAZO DE LA OFERTA NOTA.: EL FDLSF PAGARA CADA VALOR DEL KIT DE ACUERDO AL RESULTADO DEL ESTUDIO DE MERCADO A REALIZAR AL MOMENTO DE LA EJECUCION PARA EL PRESENTE ITEM, DE ACUERDO A LO ESTABLECIDO EN EL ESTUDIO PREVIO. | J21: 1 | K21: VG | L21: 14000000 | M21: =L21*J21 -> 14000000 | N21: 9 | O21: 3,5 KITS COMPLEMENTARIOS KIT CUIDADO DE PIEL-MANEJO KIT DE POSTURA PARA CUIDADORES KITS DE MEDIAS COMPRESIVAS KITS PLANTILLAS U OTRO QUE REQUIERA EL BENEFICIARIO NOTA: EL PRESENTE ITEM NO PODRA SER OFERTADO SO PENA DE RECHAZO DE LA OFERTA NOTA.: EL FDLSF PAGARA CADA VALOR DEL KIT DE ACUERDO AL RESULTADO DEL ESTUDIO DE MERCADO A REALIZAR AL MOMENTO DE LA EJECUCION PARA EL PRESENTE ITEM, DE ACUERDO A LO ESTABLECIDO EN EL ESTUDIO PREVIO. | P21: 1 | Q21: VG | R21: 14000000 | S21: =R21*P21 -> 14000000 | T21: 9 | U21: 3,5 KITS COMPLEMENTARIOS KIT CUIDADO DE PIEL-MANEJO KIT DE POSTURA PARA CUIDADORES KITS DE MEDIAS COMPRESIVAS KITS PLANTILLAS U OTRO QUE REQUIERA EL BENEFICIARIO NOTA: EL PRESENTE ITEM NO PODRA SER OFERTADO SO PENA DE RECHAZO DE LA OFERTA NOTA.: EL FDLSF PAGARA CADA VALOR DEL KIT DE ACUERDO AL RESULTADO DEL ESTUDIO DE MERCADO A REALIZAR AL MOMENTO DE LA EJECUCION PARA EL PRESENTE ITEM, DE ACUERDO A LO ESTABLECIDO EN EL ESTUDIO PREVIO. | V21: 1 | W21: VG | X21: 14000000 | Y21: =X21*V21 -> 14000000 | Z21: 9 | AA21: 3,5 KITS COMPLEMENTARIOS KIT CUIDADO DE PIEL-MANEJO KIT DE POSTURA PARA CUIDADORES KITS DE MEDIAS COMPRESIVAS KITS PLANTILLAS U OTRO QUE REQUIERA EL BENEFICIARIO NOTA: EL PRESENTE ITEM NO PODRA SER OFERTADO SO PENA DE RECHAZO DE LA OFERTA NOTA.: EL FDLSF PAGARA CADA VALOR DEL KIT DE ACUERDO AL RESULTADO DEL ESTUDIO DE MERCADO A REALIZAR AL MOMENTO DE LA EJECUCION PARA EL PRESENTE ITEM, DE ACUERDO A LO ESTABLECIDO EN EL ESTUDIO PREVIO. | AB21: 1 | AC21: VG | AD21: 14000000 | AE21: =AD21*AB21 -> 14000000
A22: 10 | B22: 80101600 | C22: 3.6 SALON COMUNAL: Para el desarrollo de las sesiones del Componente de Salud Mental desde una mirada integral dos horas por sesion por cuatro grupos | D22: 80 | E22: H | F22: 41333 | G22: 3.306.640,00 | H22: 10 | I22: 3.6 SALON COMUNAL: Para el desarrollo de las sesiones del Componente de Salud Mental desde una mirada integral dos horas por sesion por cuatro grupos | J22: 80 | K22: H | L22: 40000 | M22: =L22*J22 -> 3200000 | N22: 10 | O22: 3.6 SALON COMUNAL: Para el desarrollo de las sesiones del Componente de Salud Mental desde una mirada integral dos horas por sesion por cuatro grupos | P22: 80 | Q22: H | R22: 39928 | S22: =R22*P22 -> 3194240 | T22: 10 | U22: 3.6 SALON COMUNAL: Para el desarrollo de las sesiones del Componente de Salud Mental desde una mirada integral dos horas por sesion por cuatro grupos | V22: 80 | W22: H | X22: 40000 | Y22: =X22*V22 -> 3200000 | Z22: 10 | AA22: 3.6 SALON COMUNAL: Para el desarrollo de las sesiones del Componente de Salud Mental desde una mirada integral dos horas por sesion por cuatro grupos | AB22: 80 | AC22: H | AD22: 40196 | AE22: =AD22*AB22 -> 3215680
A23: 11 | B23: 80101600 | C23: 3.7 KIT DE APUNTES: Libreta de apuntes en papel recibalble de 50 hojas, pasta dura impresa a una tinta con los logos de la alcaldia local, esfero ecologico estampado a una tinta, lapiz HB, borrador y tajalapiz | D23: 40 | E23: UN | F23: 32833 | G23: 1.313.320,00 | H23: 11 | I23: 3.7 KIT DE APUNTES: Libreta de apuntes en papel recibalble de 50 hojas, pasta dura impresa a una tinta con los logos de la alcaldia local, esfero ecologico estampado a una tinta, lapiz HB, borrador y tajalapiz | J23: 40 | K23: UN | L23: 31500 | M23: =L23*J23 -> 1260000 | N23: 11 | O23: 3.7 KIT DE APUNTES: Libreta de apuntes en papel recibalble de 50 hojas, pasta dura impresa a una tinta con los logos de la alcaldia local, esfero ecologico estampado a una tinta, lapiz HB, borrador y tajalapiz | P23: 40 | Q23: UN | R23: 31717 | S23: =R23*P23 -> 1268680 | T23: 11 | U23: 3.7 KIT DE APUNTES: Libreta de apuntes en papel recibalble de 50 hojas, pasta dura impresa a una tinta con los logos de la alcaldia local, esfero ecologico estampado a una tinta, lapiz HB, borrador y tajalapiz | V23: 40 | W23: UN | X23: 32000 | Y23: =X23*V23 -> 1280000 | Z23: 11 | AA23: 3.7 KIT DE APUNTES: Libreta de apuntes en papel recibalble de 50 hojas, pasta dura impresa a una tinta con los logos de la alcaldia local, esfero ecologico estampado a una tinta, lapiz HB, borrador y tajalapiz | AB23: 40 | AC23: UN | AD23: 31930 | AE23: =AD23*AB23 -> 1277200
A24: 12 | B24: 80101600 | C24: 3.8 REFRIGERIOS VER ANEXO TECNICO Y ESTUDIO DE MERCADO | D24: 560 | E24: UN | F24: 9166 | G24: 5.132.960,00 | H24: 12 | I24: 3.8 REFRIGERIOS VER ANEXO TECNICO Y ESTUDIO DE MERCADO | J24: 560 | K24: UN | L24: 8799 | M24: =L24*J24 -> 4927440 | N24: 12 | O24: 3.8 REFRIGERIOS VER ANEXO TECNICO Y ESTUDIO DE MERCADO | P24: 560 | Q24: UN | R24: 8854 | S24: =R24*P24 -> 4958240 | T24: 12 | U24: 3.8 REFRIGERIOS VER ANEXO TECNICO Y ESTUDIO DE MERCADO | V24: 560 | W24: UN | X24: 9100 | Y24: =X24*V24 -> 5096000 | Z24: 12 | AA24: 3.8 REFRIGERIOS VER ANEXO TECNICO Y ESTUDIO DE MERCADO | AB24: 560 | AC24: UN | AD24: 8914 | AE24: =AD24*AB24 -> 4991840
... A31: 19 | B31: 80101600 | C31: 4.6 Salon Comunal para el desarrollo de las sesiones dos horas por grupo | D31: 96 | E31: H | F31: 41333 | G31: 3.967.968,00 | H31: 19 | I31: 4.6 Salon Comunal para el desarrollo de las sesiones dos horas por grupo | J31: 96 | K31: H | L31: 40000 | M31: =L31*J31 -> 3840000 | N31: 19 | O31: 4.6 Salon Comunal para el desarrollo de las sesiones dos horas por grupo | P31: 96 | Q31: H | R31: 39928 | S31: =R31*P31 -> 3833088 | T31: 19 | U31: 4.6 Salon Comunal para el desarrollo de las sesiones dos horas por grupo | V31: 96 | W31: H | X31: 40000 | Y31: =X31*V31 -> 3840000 | Z31: 19 | AA31: 4.6 Salon Comunal para el desarrollo de las sesiones dos horas por grupo | AB31: 96 | AC31: H | AD31: 40196 | AE31: =AD31*AB31 -> 3858816
A32: PRESUPUESTO OFICIAL | G32: 95918659 | M32: =SUM(M13:M31) -> 93016671 | S32: =SUM(S13:S31) -> 93404921 | Y32: =SUM(Y13:Y31) -> 93301000 | AE32: =SUM(AE13:AE31) -> 93885811
L33: VERIFICACIÓN ECONÓMICA | M33: HABILITADO | R33: VERIFICACIÓN ECONÓMICA | S33: HABILITADO | X33: VERIFICACIÓN ECONÓMICA | Y33: HABILITADO | AD33: VERIFICACIÓN ECONÓMICA | AE33: HABILITADO
A38: Albert Andrés Rincón Bello
A39: Profesional planeación
A40: Integrante comité evaluador técnico y económico

Sheet Factores de Ponderación 
A7: FONDO DE DESARROLLO LOCAL DE SANTA FE FACTORES DE PONDERACIÓN FDLSF-SAMC-002-2022
B8: PROPONENTE No. 1 | C8: PROPONENTE No.2 | D8: PROPONENTE No. 3 | E8: PROPONENTE No. 4
A9: DESCRIPCIÓN | B9: CORPORACIÓN PARA EL MEJORAMIENTO DE LA CALIDAD DE VIDA | C9: ASCODES SAS. | D9: FUNDACION IWOKE | E9: COINDERE
A10: FACTOR ADICIONAL
A11: 19.75 PUNTOS: Realizar entrega de 80 tulas en material impermeable con estampado de logos de la Alcaldía Local de Santafé (40 para cuidadores/as y 40 para las personas en condición de discapacidad participantes del proceso). Tamaño mínimo 36*40 cm. Así como 40 kits compuesto por caja colores de mínimo 12 lápices (doble punta), una caja de tempera x 6 unidades, block de 10 cartulinas tamaño octavo y blocks iris) para cada participante de artes plásticas | B11: CUMPLE | C11: CUMPLE | D11: CUMPLE | E11: CUMPLE
A12: 10 PUNTOS: Realizar entrega de 80 tulas en material impermeable con estampado de logos de la Alcaldía Local de Santafé
A13: TOTAL | B13: 19.75 | C13: 19.75 | D13: 19.75 | E13: 19.75
A14: FACTOR APOYO A LA INDUSTRIA NACIONAL
A15: 10 PUNTOS: El proponente ofrece servicios de origen nacional conforme a lo establecido en la ley 816 | B15: CUMPLE | C15: CUMPLE | D15: CUMPLE | E15: CUMPLE
A16: 5 PUNTOS: Si dentro del personal que ofrece el proponente, del 50% al 99%, es de nacionalidad colombiana, obtendrá el puntaje señalado. Este aspecto se acreditará mediante la información que sobre la nacionalidad del personal, suministre el proponente o el representante legal en el correspondiente formulario del pliego de condiciones.
A17: TOTAL | B17: 10 | C17: 10 | D17: 10 | E17: 10
A18: EMPRENDIMIENTO O EMPRESAS DE MUJERES (DECRETO 1860 DE 2021)
A19: 1. Cuando más del cincuenta por ciento (50%) de las acciones, partes de interés o cuotas de participación de la persona jurídica pertenezcan a mujeres y los derechos de propiedad hayan pertenecido a estas durante al menos el último año anterior a la fecha de cierre del Proceso de Selección. Esta circunstancia se acreditará mediante certificación expedida por el representante legal y el revisor fiscal, cuando exista de acuerdo con los requerimientos de ley, o el contador, donde conste la distribución de los derechos en la sociedad y el tiempo en el que las mujeres han mantenido su participación. 2. Cuando por lo menos el cincuenta por ciento (50%) de los empleos del nivel directivo de la persona jurídica sean ejercidos por mujeres y éstas hayan estado vinculadas laboralmente a la empresa durante al menos el último año anterior a la fecha de cierre del Proceso de Selección en el mismo cargo u otro del mismo nivel. Se entenderá como empleos del nivel directivo aquellos cuyas funciones están relacionadas con la dirección de áreas misionales de la empresa y la toma de decisiones a nivel estratégico. En este sentido, serán cargos de nivel directivo los que dentro de la organización de la empresa se encuentran ubicados en un nivel de mando o los que por su jerarquía desempeñan cargos encaminados al cumplimiento de funciones orientadas a representar al empleador. Esta circunstancia se acreditará mediante certificación expedida por el representante legal y el revisor fiscal, cuando exista de acuerdo con los requerimientos de ley, o el contador, donde se señale de manera detallada todas las personas que conforman los cargos de nivel directivo del proponente, el número de mujeres y el tiempo de vinculación. La certificación deberá relacionar el nombre completo y el número de documento de identidad de cada una de las personas que conforman el nivel directivo del proponente. Como soporte, se anexará copia de los respectivos documentos de identidad, copia de los contratos de trabajo o certificación laboral con las funciones, así como el certificado de aportes a seguridad social del último año en el que se demuestren los pagos realizados por el empleador. 3. Cuando la persona natural sea una mujer y haya ejercido actividades comerciales a través de un establecimiento de comercio durante al menos el último año anterior a la fecha de cierre del proceso de selección. Esta circunstancia se acreditará mediante la copia de cédula de ciudadanía, la cédula de extranjería o el pasaporte, así como la copia del registro mercantil. 4. Para las asociaciones y cooperativas, cuando más del cincuenta por ciento (50%) de los asociados sean mujeres y la participación haya correspondido a estas durante al menos el último año anterior a la fecha de cierre del Proceso de Selección. Esta circunstancia se acreditará mediante certificación expedida por el representante legal. | B19: CUMPLE se acoje al numeral 1 (DECRETO 1860 DE 2021) | C19: CUMPLE se acoje al numeral 1 (DECRETO 1860 DE 2021) | D19: NO CUMPLE El proponente No acredita certificación expedida por el representante y el revisor fiscal, cuando exista de acuerdo con los requerimientos de ley, o el contador, donde conste la distribución de los derechos en la sociedad y el tiempo en el que las mujeres han mantenido su participación. | E19: NO CUMPLE, el proponente no especifica el porcentaje de los empleos del nivel directivo ejercidos por mujeres de acuerdo al numeral 2 del DECRETO 1860 DE 2021
A20: TOTAL | B20: 0.25 | C20: 0.25 | D20: 0 | E20: 0

Sheet ASIGNACIÓN DE PUNTAJE
B8: FONDO DE DESARROLLO LOCAL DE SANTA FE ASIGNACIÓN DE PUNTAJE FDLSF-SAMC-002-2022 OBJETO. PRESTAR SERVICIOS PARA PERSONAS CON DISCAPACIDAD Y SUS CUIDADORES/AS EN ACCIONES COMPLEMENTARIAS A TRAVÉS DE LA EJECUCIÓN DE LOS COMPONENTES DE SALUD MENTAL POSITIVA, HERRAMIENTAS VIRTUALES DE APRENDIZAJE PARA EL CUIDADO Y MEDIOS ALTERNATIVOS PARA SALUD Y BIENESTAR" en el marco del proyecto 2188 "santa fe con un sistema de cuidado".
B12: NUMERO | C12: PROPONENTE | D12: HABILITADO TÉCNICA JURIDICA Y FINANCIERAMENTE | E12: VERIFICACIÓN OFERTA ECONÓMICA | F12: OBSERVACIONES VERIFICACIÓN ECONÓMICA | G12: VALOR PROPUESTA | H12: PONDERACIÓN OFERTA ECONÓMICA (MAX. 70 PTOS) | I12: PONDEACIÓN FACTOR TÉCNICO CALIDAD (MAX. 19.75 PTOS) | J12: PONDEACIÓN INDUSTRIA NACIONAL (MAX. 10 PTOS) | K12: PONDERACIÓN EMPRENDIMIENTO O EMPRESAS MUJERES (MAX. 0.25) | L12: VALOR PROPUESTA | M12: OBSERVACIONES
B13: 1 | C13: CORPORACIÓN PARA EL MEJORAMIENTO DE LA CALIDAD DE VIDA | D13: HABILITADO | E13: HABILITADO | F13: N/A | G13: ='Verificación Económica'!M32 -> 93016671 | H13: 69.531097 | I13: 19.75 | J13: 10 | K13: 0.25 | L13: =SUM(H13:K13) -> 99.531097
B14: 2 | C14: ASCODES SAS. | D14: HABILITADO | E14: HABILITADO | F14: N/A | G14: ='Verificación Económica'!S32 -> 93404921 | H14: 69.821319 | I14: 19.75 | J14: 10 | K14: 0.25 | L14: =SUM(H14:K14) -> 99.821319
B15: 3 | C15: FUNDACION IWOKE | D15: HABILITADO | E15: HABILITADO | F15: N/A | G15: ='Verificación Económica'!Y32 -> 93301000 | H15: 69.743636 | I15: 19.75 | J15: 10 | K15: 0 | L15: =SUM(H15:K15) -> 99.493636 | M15: El proponente No acredita certificación expedida por el representante y el revisor fiscal, cuando exista de acuerdo con los requerimientos de ley, o el contador, donde conste la distribución de los derechos en la sociedad y el tiempo en el que las mujeres han mantenido su participación.
B16: 4 | C16: COINDERE | D16: HABILITADO | E16: HABILITADO | F16: N/A | G16: ='Verificación Económica'!AE32 -> 93885811 | H16: 69.638421 | I16: 19.75 | J16: 10 | K16: 0 | L16: =SUM(H16:K16) -> 99.388421 | M16: el proponente No especifica el porcentaje de los empleos del nivel directivo ejercidos por mujeres de acuerdo al numeral 2 del DECRETO 1860 DE 2021
C19: TRM 19 DE JULIO DE 2022 | E19: 4315.41
C21: METODO DE PONDERACIÓN DE LA OFERTA ECONÓMICA - MEDIA ARITMETICA ALTA
C23: PUNTAJE MAXIMO | E23: 70
C24: VALOR MEDIA ARITMETICA ALTA | D24: Xa | E24: 93643956
D25: Vmax | E25: 93885811
C26: NÚMERO DE OFERTAS HABLITADAS | E26: 4
C27: VALOR PRESUPUESTO | E27: 95918659
C30: PRIMER ORDEN DE ELIGIBILIDAD | D30: VALOR PROPUESTA | E30: PUNTAJE TOTAL
C31: ASCODES | D31: 93404921 | E31: =L14 -> 99.821319
C36: Albert Andrés Rincón Bello
C37: Profesional planeación
C38: Integrante comité evaluador técnico y económico

Sheet TRM 
A1: TRM 19 DE JULIO DE 2022
